 Dungeon Crawl Stone Soup version 0.30-a0-141-g30f27751c5 (webtiles) character file.

Game seed: 16510639818428243593

151 qw the Chopper (level 5, -2/32 HPs)
             Began as a Gargoyle Fighter on Sept 25, 2022.
             Slain by a gnoll
             ... wielding a +0 halberd
              (7 damage)
             ... on level 4 of the Dungeon.
             The game lasted 00:01:02 (2437 turns).

qw the Chopper (Gargoyle Fighter)                   Turns: 2437, Time: 00:01:03

Health: -2/32      AC: 13    Str: 20 (22) XL:     5   Next: 33%
Magic:  5/5        EV:  7    Int:  6 (8)  God:
Gold:   3          SH:  4    Dex:  6 (9)  Spells: 4/4 levels left

rFire   . . .      SeeInvis .    Y - +1 war axe
rCold   . . .      Faith    .    c - +0 buckler
rNeg    + . .      Spirit   .    f - +0 chain mail
rPois   inf        Reflect  .    (no helmet)
rElec   +          Harm     .    (no cloak)
rCorr   .          Rampage  .    (no gloves)
Will    +....                    (no boots)
Stlth   ..........               (no amulet)
HPRegen 0.10/turn                m - ring of willpower
MPRegen 0.09/turn                (no ring)

@: about to teleport
A: sickness immunity, AC +4, negative energy resistance 1, electricity
resistance, torment resistance 1, petrification resistance
a: no special abilities


You were on level 4 of the Dungeon.
You visited 1 branch of the dungeon, and saw 4 of its levels.

You collected 213 gold pieces.
You spent 210 gold pieces at shops.


Innate Abilities, Weirdness & Mutations

You are immune to sickness and miasma.
Your stone body is resilient. (AC +4)
You are immune to poison.
You resist negative energy. (rN+)
You are resistant to electric shocks. (rElec)
You are resistant to unholy torment.
You are immune to petrification.


   Skills:
 - Level 3.2 Fighting
 + Level 4.9 Axes
 - Level 3.2 Armour
 - Level 3.2 Shields


You had 4 spell levels left.
You didn't know any spells.
Your spell library was empty.

Inventory:

Hand Weapons
 j - a +0 mace
 Y - a +1 war axe (weapon)
Armour
 a - a +0 pair of boots
 c - a +0 buckler (worn)
 f - a +0 chain mail (worn)
Jewellery
 m - a ring of willpower (left hand)
Scrolls
 g - 3 scrolls of enchant armour
 h - 3 scrolls of teleportation
 k - 4 scrolls of identify
Potions
 b - 2 potions of heal wounds
 d - 3 potions of might
 e - a potion of curing
 i - a potion of haste
 l - a potion of mutation

Dungeon Overview and Level Annotations

Branches:
Dungeon (4/15)
 Temple: D:4-7

Altars:
Cheibriados
Nemelex Xobeh

Shops:
D:3 (?[**


Message History

You closely miss the adder.
The adder is severely wounded.
You hit the adder but do no damage. The adder bites you but does no damage.
The adder bites you.
A gnoll comes into view.
It is wielding a +1 flail of holy wrath.
The gnoll hits you from afar with a +0 spear.
The adder barely misses you. x2; The gnoll hits you but does no damage.
You barely miss the adder.
The adder is severely wounded.
You hit the adder. The adder closely misses you.
The adder bites you but does no damage. You block the gnoll's attack.
The adder bites you but does no damage.
A gnoll comes into view. It is wielding a +0 club.
The adder closely misses you.
You closely miss the adder.
The adder is severely wounded.
The gnoll shouts!
You slash the adder!
You kill the adder!
You hear a shout!
You block the adder's attack. You block the gnoll's attack.
The adder bites you.
You hit the adder.
The adder is severely wounded.
The gnoll hits you but does no damage. The adder bites you but does no damage.
The gnoll hits you from afar with a +0 spear.
You barely miss the adder.
The adder is severely wounded.
You block the adder's attack. The adder bites you but does no damage.
The gnoll hits you but does no damage.
The gnoll hits you from afar with a +0 halberd!
You hit the adder.
You kill the adder!
You block the gnoll's attack.
The gnoll hits you from afar with a +0 halberd.
2437 ||| READING 4 scrolls of teleportation.
As you read the scroll of teleportation, it crumbles to dust.
You feel strangely unstable.
The gnoll hits you from afar with a +0 spear.
The gnoll hits you from afar with a +0 halberd!
You die...

... ....##...##..
.......................#
...........##..........#
............###.......##
..............###......#
.........##........#...#
..........
#...##...............#
#..# ##........####.#
#..# ##....#### #.


You could see 4 gnolls.

Vanquished Creatures
  An iron imp (D:3)
  Terence (D:3)
  3 adders
  2 dart slugs (D:1)
  6 endoplasms
  7 giant cockroaches
  10 goblins
  4 hobgoblins
  3 kobolds (D:1)
  4 quokkas
  4 ball pythons
  7 bats
  3 frilled lizards (D:1)
  6 rats
61 creatures vanquished.

Notes
Turn   | Place    | Note
-------+----------+-------------------------------------------
     0 | D:1      | qw the Gargoyle Fighter began the quest for the Orb.
     0 | D:1      | Reached XP level 1. HP: 14/14 MP: 1/1
     0 | D:1      | 0 ||| qw: Version: 0.2-a-10-g399e6c4
     0 | D:1      | 0 ||| qw: Game counter: 196
     0 | D:1      | 0 ||| qw: Always use a shield: true
     0 | D:1      | 0 ||| qw: God list: Okawaru
     0 | D:1      | 0 ||| qw: Allow faded altars: false
     0 | D:1      | 0 ||| qw: Do Orc after D:15 true
     0 | D:1      | 0 ||| qw: Do second Lair branch before Depths: true
     0 | D:1      | 0 ||| qw: Lair rune preference: random
     0 | D:1      | 0 ||| qw: Plans: Normal, Zot:1-4, God:TSO, Crypt, Tomb,
                  | Pan, Slime:5, Hells, Abyss, Orb
     0 | D:1      | 0 ||| PLANNING D:1-11
    25 | D:1      | 25 ||| Stepping ~*~*~tactically~*~*~ (stealth).
    28 | D:1      | 28 ||| Stepping ~*~*~tactically~*~*~ (stealth).
    33 | D:1      | Reached skill level 2 in Axes
    80 | D:1      | 80 ||| Stepping ~*~*~tactically~*~*~ (stealth).
    84 | D:1      | Reached XP level 2. HP: 19/19 MP: 2/2
    93 | D:1      | 93 ||| Stepping ~*~*~tactically~*~*~ (stealth).
    99 | D:1      | 99 ||| Stepping ~*~*~tactically~*~*~ (stealth).
   100 | D:1      | 100 ||| Stepping ~*~*~tactically~*~*~ (stealth).
   101 | D:1      | 101 ||| Stepping ~*~*~tactically~*~*~ (stealth).
   149 | D:1      | 149 ||| Stepping ~*~*~tactically~*~*~ (stealth).
   379 | D:1      | Reached skill level 3 in Axes
   393 | D:1      | Reached XP level 3. HP: 23/23 MP: 3/3
   618 | D:1      | 618 ||| READING 2 scrolls labelled AHIUME ZI MELE.
   619 | D:1      | 619 ||| READING scroll labelled MUELAE RAIWK.
   620 | D:1      | 620 ||| READING scroll labelled HAROFR XONU.
   621 | D:1      | 621 ||| READING scroll labelled EWKEUN ZUGGOD.
   622 | D:1      | 622 ||| READING scroll labelled RINGAA TOIHAG.
   623 | D:1      | 623 ||| DROPPING scroll of butterflies.
   806 | D:2      | Found a sparkling altar of Nemelex Xobeh.
   849 | D:2      | 849 ||| DROPPING +0 club.
  1435 | D:2      | Reached XP level 4. HP: 28/28 MP: 4/4
  1493 | D:2      | 1493 ||| UPGRADING to +0 chain mail.
  1503 | D:2      | 1503 ||| DROPPING +0 scale mail.
  1504 | D:2      | 1504 ||| UPGRADING to ring of willpower.
  1505 | D:2      | 1505 ||| READING scroll labelled MARYWN FIVU.
  1606 | D:2      | 1606 ||| READING scroll labelled TOAWIH ENKI.
  1607 | D:2      | 1607 ||| READING 3 scrolls labelled LEPLI FIDE.
  1612 | D:2      | 1612 ||| READING scroll labelled WAFRIT REIMYFF.
  1633 | D:3      | 1633 ||| Stepping ~*~*~tactically~*~*~ (stealth).
  1634 | D:3      | 1634 ||| Stepping ~*~*~tactically~*~*~ (stealth).
  1656 | D:3      | Found Lelamaw's Assorted Antiques.
  1658 | D:3      | Found Cumomnak's Assorted Antiques.
  1663 | D:3      | 1663 ||| BUYING 2 amethyst potions (55 gold).
  1663 | D:3      | Bought 2 amethyst potions for 55 gold pieces
  1663 | D:3      | 1663 ||| BUYING blue potion (27 gold).
  1663 | D:3      | Bought a blue potion for 27 gold pieces
  1663 | D:3      | 1663 ||| SHOPLISTING plate armour (713 gold, have 44).
  1665 | D:3      | Noticed Terence
  1666 | D:3      | 1666 ||| SHOPLISTING +2 cloak of the Thief {*Fog Slay-2
                  | SInv Stlth+} (361 gold, have 44).
  1666 | D:3      | 1666 ||| BUYING cyan potion (16 gold).
  1666 | D:3      | Bought a cyan potion for 16 gold pieces
  1674 | D:3      | Killed Terence
  1675 | D:3      | Reached skill level 4 in Axes
  1752 | D:3      | 1752 ||| FLEEEEING.
  1753 | D:3      | 1753 ||| FLEEEEING.
  1754 | D:3      | 1754 ||| FLEEEEING.
  1755 | D:3      | 1755 ||| FLEEEEING.
  1756 | D:3      | 1756 ||| FLEEEEING.
  1757 | D:3      | 1757 ||| FLEEEEING.
  1758 | D:3      | 1758 ||| FLEEEEING.
  1759 | D:3      | 1759 ||| FLEEEEING.
  1760 | D:3      | 1760 ||| FLEEEEING.
  1761 | D:3      | 1761 ||| FLEEEEING.
  1762 | D:3      | 1762 ||| FLEEEEING.
  1763 | D:3      | 1763 ||| FLEEEEING.
  1764 | D:3      | 1764 ||| FLEEEEING.
  1765 | D:3      | 1765 ||| FLEEEEING.
  1766 | D:3      | 1766 ||| STAIRDANCE
  1840 | D:2      | 1840 ||| DRINKING 2 amethyst potions.
  1841 | D:2      | 1841 ||| DRINKING 2 cyan potions.
  1842 | D:2      | 1842 ||| DROPPING potion of magic.
  1848 | D:3      | 1848 ||| STAIRDANCE
  1938 | D:3      | 1938 ||| Stepping ~*~*~tactically~*~*~ (stealth).
  1967 | D:3      | Found a snail-covered altar of Cheibriados.
  1979 | D:3      | Reached XP level 5. HP: 27/32 MP: 5/5
  2122 | D:3      | Found Lofaw's Antique Armour Shoppe.
  2134 | D:3      | 2134 ||| SHOPLISTING helmet (85 gold, have 74).
  2134 | D:3      | 2134 ||| SHOPLISTING runed chain mail (142 gold, have 74).
  2134 | D:3      | 2134 ||| SHOPLISTING runed cloak (142 gold, have 74).
  2134 | D:3      | 2134 ||| SHOPLISTING shiny orb (228 gold, have 74).
  2134 | D:3      | 2134 ||| SHOPLISTING shiny ring mail (133 gold, have 74).
  2134 | D:3      | 2134 ||| SHOPLISTING warped plate armour (532 gold, have
                  | 74).
  2154 | D:3      | Found Geabanut's Antique Weapon Shoppe.
  2238 | D:3      | Found Gyam's Magic Scroll Shop.
  2252 | D:3      | 2252 ||| BUYING 3 scrolls of identify (84 gold).
  2252 | D:3      | Bought 3 scrolls of identify for 84 gold pieces
  2252 | D:3      | 2252 ||| BUYING scroll of identify (28 gold).
  2252 | D:3      | Bought a scroll of identify for 28 gold pieces
  2252 | D:3      | 2252 ||| SHOPLISTING scroll of identify (28 gold, have 3).
  2252 | D:3      | 2252 ||| SHOPLISTING scroll of teleportation (42 gold, have
                  | 3).
  2326 | D:3      | 2326 ||| DRINKING 2 fuming inky potions.
  2327 | D:3      | 2327 ||| DRINKING 2 murky green potions.
  2328 | D:3      | 2328 ||| READING 7 scrolls of identify.
  2328 | D:3      | 2328 ||| IDENTIFYING white potion
  2329 | D:3      | 2329 ||| READING 6 scrolls of identify.
  2329 | D:3      | 2329 ||| IDENTIFYING blue potion
  2330 | D:3      | 2330 ||| READING 5 scrolls of identify.
  2330 | D:3      | 2330 ||| IDENTIFYING sedimented purple potion
  2331 | D:3      | 2331 ||| DROPPING potion of flight.
  2332 | D:3      | 2332 ||| DROPPING potion of degeneration.
  2436 | D:4      | HP: 7/32 [gnoll/+0 halberd (5)]
  2437 | D:4      | 2437 ||| READING 4 scrolls of teleportation.
  2437 | D:4      | Slain by a gnoll

Levels and vault maps discovered:
D:1:      lemuel_arrival_broad_hall, layout_basic, minmay_misc_feat_chi
D:2:      kennysheep_big_flooded_room, layout_basic, basic_altar
D:3:      layout_rooms, slow_altar_1, serial_shops, shop, nicolae_shop_stone,
          nicolae_square_shop, nicolae_shop_trees, shop, uniq_terence
D:4:      layout_layer_cave, serial_shops, nicolae_shop_window_shopping,
          grunt_ministairs_13, minmay_misc_feat_diagonals

Skill      XL: |  1  2  3  4 |
---------------+-------------+-----
Axes           | 2 3 4 |  4.9
Fighting       | |  3.2
Armour         | |  3.2
Shields        | |  3.2

Action                   |  1- 3 |  4- 6 || total
-------------------------+-------+-------++-------
Melee: War axe           |    89 |    51 ||   140
  Use: Scroll            |     5 |     8 ||    13
       Potion            |       |     4 ||     4
Armor: Scale mail        |    36 |       ||    36
       Chain mail        |       |    22 ||    22
Dodge: Dodged            |    29 |    12 ||    41
Block: Buckler           |    17 |    13 ||    30

Table legend:
 A = Non-vault XP
 B = Vault XP
 C = Vault XP percentage of total XP
 D = Non-vault monster count
 E = Vault monster count
 F = Vault count percentage of total count
                 A         B        C        D         E       F
            +---------+---------+-------+---------+---------+-------
      Total |     134 |      82 |  38.0 |      57 |       4 |   6.6
            +---------+---------+-------+---------+---------+-------
        D:1 |      43 |       0 |   0.0 |      24 |       0 |   0.0
        D:2 |      37 |       3 |   7.5 |      15 |       2 |  11.8
        D:3 |      22 |      79 |  78.2 |      13 |       2 |  13.3
        D:4 |      32 |       0 |   0.0 |       5 |       0 |   0.0
            +---------+---------+-------+---------+---------+-------
